 Dungeon Crawl Stone Soup version 0.19.1-1-g22dce08 (webtiles) character file.

5449 Periaitorperimetra the Blocker (level 11, -2/89 HPs)
             Began as a Formicid Fighter on Jan 8, 2017.
             Was an Elder of Okawaru.
             Slain by an earth elemental (12 damage)
             ... summoned by a deep elf mage
             ... on level 9 of the Dungeon.
             The game lasted 01:07:03 (10762 turns).

Periaitorperimetra the Blocker (Formicid Fighter)  Turns: 10762, Time: 01:07:03

Health: -2/89      AC: 16    Str: 23    XL:     11   Next: 0%
Magic:  11/11      EV: 10    Int:  9    God:    Okawaru [****..]
Gold:   497        SH: 12    Dex: 10    Spells: 0 memorised, 10 levels left

rFire  . . .     SeeInvis +     P - +4 battleaxe (curse)
rCold  . . .     Gourm    .     B - +3 ring mail of Vavvifov {Regen+ SInv Stlth+}
rNeg   . . .     Faith    .     t - +0 shield
rPois  .         Spirit   .     (helmet unavailable)
rElec  .         Reflect  .     a - +2 cloak
rCorr  .         Harm     .     r - +0 pair of gloves
MR     +....                    G - +0 pair of boots (curse)
Stlth  +.........               (no amulet)
                                (no ring)
                                (no ring)

@: no status effects
A: permanent stasis, dig shafts and tunnels, four strong arms, antennae 3
a: Dig, Shaft Self, Heroism, Renounce Religion


You were on level 9 of the Dungeon.
You worshipped Okawaru.
Okawaru was greatly pleased with you.
You were not hungry.

You visited 2 branches of the dungeon, and saw 12 of its levels.

You collected 497 gold pieces.

Inventory:

Hand Weapons
 P - a cursed +4 battleaxe (weapon)
 V - a +3 longbow of freezing
Missiles
 j - 37 bolts
 n - 7 javelins (quivered)
Armour
 a - a +2 cloak (worn)
 r - a +0 pair of gloves (worn)
 t - a +0 shield (worn)
 B - the +3 ring mail of Vavvifov (worn) {Regen+ SInv Stlth+}
   (You found it on level 5 of the Dungeon)

   It lets you see invisible.
   It increases your rate of regeneration.
   It makes you more stealthy.
 G - a cursed +0 pair of boots (worn)
Jewellery
 b - an uncursed ring of magical power
 w - an uncursed ring of magical power
 O - an uncursed ring of protection from cold {unknown}
Wands
 s - a wand of slowing (9/48)
 D - a wand of disintegration (11/24)
 E - a wand of lightning (7/15)
 J - a wand of random effects (11/48)
Scrolls
 c - 4 scrolls of fear
 d - 2 scrolls of fog
 e - 2 scrolls of teleportation {unknown}
 h - 6 scrolls of immolation
 k - 3 scrolls of remove curse
 m - 2 scrolls of random uselessness {unknown}
 u - 2 scrolls of noise {unknown}
 v - a scroll of enchant weapon {unknown}
 y - 2 scrolls of blinking {unknown}
 A - 15 scrolls of identify
 C - 3 scrolls of magic mapping {unknown}
 I - a scroll of vulnerability {unknown}
 K - a scroll of silence {unknown}
 M - a scroll of torment {unknown}
 S - a scroll of amnesia {unknown}
 U - a scroll of recharging {unknown}
Potions
 i - a potion of lignification {unknown}
 l - 2 potions of heal wounds
 o - 2 potions of invisibility
 p - 3 potions of curing {unknown}
 q - a potion of brilliance {unknown}
 x - a potion of agility {unknown}
 F - 2 potions of ambrosia {unknown}
 H - a potion of flight {unknown}
 N - a potion of mutation {unknown}
 R - a potion of might
Books
 T - a book of Debilitation

   Spells                             Type                      Level
   a - Corona                         Hexes                        1
   b - Slow                           Hexes                        2
   c - Gell's Gravitas                Hexes/Translocation          3
   d - Inner Flame                    Hexes/Fire                   3
   e - Cause Fear                     Hexes                        4
   f - Leda's Liquefaction            Hexes/Earth                  4
Comestibles
 f - 9 bread rations
 g - a meat ration
 z - 2 fruits
 L - 2 beef jerkies
 Q - 3 chunks of flesh


   Skills:
 + Level 9.2 Fighting
 + Level 8.3 Axes
 + Level 8.8 Armour
 + Level 10.1 Shields


You had 10 spell levels left.
You didn't know any spells.

Dungeon Overview and Level Annotations

Branches:
Dungeon (11/15)            Temple (1/1) D:5
   Lair: D:8-11         Orc: D:9-12

Altars:
Ashenzari
Cheibriados
Dithmenos
Elyvilon
Fedhas
Gozag
Hepliaklqana
Kikubaaqudgha
Makhleb
Nemelex Xobeh
Okawaru
Qazlal
Ru
Sif Muna
Trog
Uskayaw
Vehumet
Xom
Yredelemnul
Zin
The Shining One

Shops:
D:5 }:}


Innate Abilities, Weirdness & Mutations

You are under a permanent stasis effect.
You can dig through walls and to a lower floor.
Your four strong arms can wield two-handed weapons with a shield.
You have a pair of large antennae on your head. (SInv)


Message History

The deep elf mage shouts!
The deep elf mage casts a spell.
There is an open door here.
The deep elf mage hits you with a long sword.
You closely miss the deep elf mage. You slash the earth elemental!
The earth elemental hits you!!
The deep elf mage points at you and mumbles some strange words.
The bolt of magma hits you!
You slash the earth elemental!
The earth elemental is severely damaged.
You miss the deep elf mage.
The deep elf mage points at you and mumbles some strange words.
The stone arrow hits you! The earth elemental hits you!!
* * * LOW HITPOINT WARNING * * *
You are too injured to fight recklessly!
You are too injured to fight recklessly!
You closely miss the deep elf mage.
You hit the earth elemental but do no damage.
The deep elf mage closely misses you. The earth elemental hits you!
You die...

........# ###.#####
#.# ###)### { { {
#.....#
#.....##########+##
#.....#...#...#...#
#.....'...#...#Ee.#
#.....#...#...#.@(#
########'###'###'##
#...#...#...#
#...).†.'...#
#...#...#...#
###################
...........#
############


You could see an earth elemental and a deep elf mage.

Vanquished Creatures
  An orc knight (D:9)
  Pikel (D:6)
  A troll (D:5)
  Grinder (D:3)
  Sigmund (D:2)
  A wyvern (D:10)
  2 orc warriors
  A black bear (D:7)
  3 sky beasts
  A necrophage (D:7)
  3 centaurs
  A phantom (D:11)
  An ogre (D:9)
  A big kobold (D:8)
  7 bullfrogs
  3 scorpions
  5 killer bees (D:8)
  4 wights
  A howler monkey (D:5)
  A bullfrog zombie (D:10)
  5 crimson imps
  3 hounds
  A jelly (D:8)
  Crazy Yiuf (D:7)
  8 orc priests
  A gnoll shaman (D:6)
  14 orc wizards
  A bullfrog skeleton (D:5)
  3 iguanas
  10 worker ants
  A killer bee zombie (D:9)
  A hound zombie (D:8)
  2 worker ant zombies
  Robin (D:2)
  7 gnolls (D:6)
  14 adders
  A river rat (D:11)
  A shadow imp (D:6)
  2 oozes
  An adder skeleton (D:6)
  2 worms
  A dart slug (D:4)
  5 leopard geckos
  37 orcs
  7 bats
  2 giant cockroaches (D:2)
  2 gnoll zombies (D:3)
  8 hobgoblins
  6 jackals
  14 kobolds
  5 quokkas
  6 frilled lizards
  17 goblins
  A leopard gecko skeleton (D:8)
  A quokka skeleton (D:5)
  A quokka zombie (D:6)
  14 rats
247 creatures vanquished.

Vanquished Creatures (others)
  A fungus (D:10)
1 creature vanquished.

Grand Total: 248 creatures vanquished

Notes
Turn   | Place    | Note
-------+----------+-------------------------------------------
     0 | D:1      | Periaitorperimetra the Formicid Fighter began the quest for the Orb.
     0 | D:1      | Reached XP level 1. HP: 18/18 MP: 1/1
   184 | D:1      | Reached XP level 2. HP: 24/24 MP: 2/2
   191 | D:1      | Reached skill level 4 in Shields
   554 | D:1      | Reached XP level 3. HP: 30/30 MP: 3/3
   684 | D:2      | Found a blossoming altar of Fedhas.
  1066 | D:2      | Reached XP level 4. HP: 27/37 MP: 4/4
  1456 | D:2      | Noticed Robin
  1470 | D:2      | Killed Robin
  1470 | D:2      | Reached XP level 5. HP: 39/42 MP: 5/5
  1516 | D:2      | Noticed Sigmund
  1546 | D:2      | Killed Sigmund
  1546 | D:2      | Reached skill level 5 in Shields
  1546 | D:2      | Reached XP level 6. HP: 23/50 MP: 6/6
  2748 | D:3      | Reached skill level 5 in Fighting
  2749 | D:3      | Reached XP level 7. HP: 42/56 MP: 7/7
  2857 | D:3      | Found a hide-covered altar of Uskayaw.
  3102 | D:3      | Noticed Grinder
  3122 | D:3      | Killed Grinder
  3122 | D:3      | Reached skill level 5 in Armour
  3122 | D:3      | Reached skill level 6 in Shields
  3406 | D:3      | Found a basalt altar of Yredelemnul.
  3989 | D:4      | Reached XP level 8. HP: 64/64 MP: 8/8
  4213 | D:5      | Entered Level 5 of the Dungeon
  4230 | D:5      | Got a distressingly furry ring mail
  4248 | D:5      | Got an encrusted leather armour
  4294 | D:5      | Reached skill level 5 in Axes
  4337 | D:5      | Identified the +3 ring mail of Vavvifov {Regen+ SInv Stlth+} (You found it on level 5 of the Dungeon)
  4347 | D:5      | Identified the +0 leather armour of Precision Catastrophes {rN+ MR+ SInv} (You found it on level 5 of the Dungeon)
  4492 | D:5      | Found a staircase to the Ecumenical Temple.
  4543 | Temple   | Entered the Ecumenical Temple
  4720 | Temple   | Became a worshipper of Warmaster Okawaru
  4827 | D:5      | Found Ygyunwih's Gadget Shoppe.
  4861 | D:5      | Found Reekhlue's Book Shoppe.
  4944 | D:5      | Reached skill level 7 in Shields
  4954 | D:5      | Found Pukuemin's Gadget Boutique.
  5146 | D:5      | Found a bloodstained altar of Trog.
  5159 | D:5      | Found Astrask's Book Shop.
  5513 | D:6      | Reached XP level 9. HP: 71/71 MP: 9/9
  5518 | D:6      | Noticed a troll
  5538 | D:6      | HP: 1/71 [troll (9)]
  5694 | D:5      | Killed a troll
  5694 | D:5      | Reached * piety under Okawaru
  5833 | D:6      | Found a glowing silver altar of Zin.
  6221 | D:6      | Reached skill level 8 in Shields
  6505 | D:6      | Noticed Pikel
  6534 | D:6      | Killed Pikel
  6534 | D:6      | Reached ** piety under Okawaru
  6799 | D:6      | Reached XP level 10. HP: 70/80 MP: 10/10
  7503 | D:7      | Found a runed door.
  7742 | D:7      | Reached skill level 9 in Shields
  8066 | D:7      | Noticed Crazy Yiuf
  8078 | D:7      | Killed Crazy Yiuf
  8798 | D:8      | Reached *** piety under Okawaru
  9091 | D:8      | You fall through a shaft for 3 floors!
  9196 | D:10     | Entered Level 10 of the Dungeon
 10234 | D:9      | Found a sacrificial altar of Ru.
 10529 | D:9      | Noticed an orc knight
 10592 | D:9      | Killed an orc knight
 10592 | D:9      | Reached **** piety under Okawaru
 10592 | D:9      | Reached skill level 10 in Shields
 10750 | D:9      | Reached XP level 11. HP: 89/89 MP: 11/11
 10757 | D:9      | Noticed a deep elf mage
 10762 | D:9      | Slain by an earth elemental

Skill      XL: |  1  2  3  4  5  6  7  8  9 10 |
---------------+-------------------------------+-----
Shields        | 4 5 6 7 8 10 | 10.1
Fighting       | 4 5 6 7 9 |  9.2
Axes           | 3 4 5 7 8 |  8.3
Armour         | 4 5 6 7 8 |  8.8

Action                   |  1- 3 |  4- 6 |  7- 9 | 10-12 || total
-------------------------+-------+-------+-------+-------++-------
Melee: War axe           |   142 |   232 |   544 |   109 ||  1027
       Battleaxe         |       |       |       |   159 ||   159
Invok: Heroism           |       |       |       |     1 ||     1
 Abil: Dig               |       |       |       |     3 ||     3
  Use: Potion            |     3 |     1 |       |       ||     4
       Scroll            |       |       |     4 |       ||     4
 Stab: Sleeping          |       |       |     1 |       ||     1
       Invisible         |       |       |       |     1 ||     1
  Eat: Chunk             |       |     6 |    12 |    10 ||    28
       Pizza             |       |     1 |       |       ||     1
       Fruit             |       |       |     2 |       ||     2
       Meat ration       |       |       |       |     1 ||     1
Armor: Scale mail        |     4 |       |       |       ||     4
       Plate armour      |   115 |   160 |    96 |       ||   371
       Ring mail         |       |       |   133 |   100 ||   233
Dodge: Dodged            |    34 |    53 |   153 |   107 ||   347
Block: Shield            |    89 |   160 |   302 |   164 ||   715
